 Dungeon Crawl Stone Soup version 0.31.0-9-g3a7656b989 (console) character file.

Game seed: 3440406280822671822

3014 AlterAsc the Cleaver (level 10, -11/70 HPs)
             Began as a Formicid Fighter on Jan 27, 2024.
             Was a Believer of Okawaru.
             Shot with a bolt by an orc warrior (15 damage)
             ... on level 9 of the Dungeon.
             The game lasted 00:15:01 (7155 turns).

AlterAsc the Cleaver (Formicid Fighter)             Turns: 7155, Time: 00:15:02

Health: -11/70     AC:  9    Str: 25    XL:     10   Next: 10%
Magic:  12/12      EV:  8    Int:  8    God:    Okawaru [**....]
Gold:   259        SH:  5    Dex: 13    Spells: 9/9 levels left

rFire   . . .        z - +5 mace "Uren" {freeze, rC+}
rCold   + . .        c - +0 buckler
rNeg    . . .        t - +0 chain mail
rPois   +            (helmet unavailable)
rElec   .            J - +0 cloak
rCorr   +            e - +2 pair of gloves of the Engineer {rPois}
SInv    +            (no boots)
Will    +....        (no amulet) Stlth
                     l - ring of resist corrosion
HPRegen 0.31/turn    (no ring)
MPRegen 0.13/turn

%: no passive effects
@: corroded, studying Spellcasting
A: permanent stasis, dig shafts and tunnels, antennae 3, four strong arms
a: Dig, Shaft Self, Renounce Religion, Heroism


You were on level 9 of the Dungeon.
You worshipped Okawaru.
Okawaru was pleased with you.
You visited 2 branches of the dungeon, and saw 11 of its levels.

You collected 259 gold pieces.

Inventory:

Hand Weapons
 a - a +0 war axe
 h - a +2 long sword of holy wrath
 z - the +5 mace "Uren" (weapon) {freeze, rC+}
   (You found it on level 3 of the Dungeon)

   rC+:       It protects you from cold.
Missiles
 d - 5 poisoned darts
 n - 3 boomerangs
 r - 4 curare-tipped darts (quivered)
 s - 2 throwing nets
 x - 3 datura-tipped darts
Armour
 b - a +0 scale mail
 c - a +0 buckler (worn)
 e - the +2 pair of gloves of the Engineer (worn) {rPois}
   (You found it on level 11 of the Dungeon)

   rPois:     It protects you from poison
 t - a +0 chain mail (worn)
 C - the +1 buckler "Penuifuc" {*Corrode rF+ Dex+3}
   (You found it on level 4 of the Dungeon)

   Dex+3:     It affects your dexterity (+3).
   rF+:       It protects you from fire.
   *Corrode:  It may corrode you when you take damage.
 E - +0 acid dragon scales
 J - a +0 cloak (worn)
Jewellery
 l - a ring of resist corrosion (left hand)
 A - a ring of fire
Wands
 m - a wand of iceblast (12)
 H - a wand of mindburst (20)
 I - a wand of flame (20)
Scrolls
 g - 4 scrolls of identify {unknown}
 j - 2 scrolls of revelation {unknown}
 o - 2 scrolls of fear
 v - a scroll of poison {unknown}
 w - 3 scrolls of teleportation
 y - 2 scrolls of amnesia {unknown}
 B - a scroll of silence {unknown}
 F - a scroll of enchant weapon {unknown}
 G - a scroll of noise {unknown}
Potions
 f - 2 potions of attraction {unknown}
 i - 2 potions of curing {unknown}
 k - 5 potions of haste {unknown}
 p - a potion of cancellation {unknown}
 q - 2 potions of invisibility {unknown}
 u - 2 potions of berserk rage {unknown}
 D - a potion of magic {unknown}


   Skills:
 - Level 3.2 Fighting
 + Level 13.1 Axes
 - Level 3.2 Armour
 - Level 4.0 Shields
 - Level 3.0 Invocations


You had 9 spell levels left.
You didn't know any spells.
Your spell library contained the following spells:

 Spells                   Type           Power      Damage    Failure   Level
 Lesser Beckoning         Tloc           0%         N/A       99%         2
 Gell's Gravitas          Tloc           0%         N/A       100%        3
 Teleport Other           Tloc           0%         N/A       100%        3


Dungeon Overview and Level Annotations

Branches:
Dungeon (11/15)            Temple (1/1) D:5
   Lair: D:8-11         Orc: D:9-12

Altars:
Ashenzari
Cheibriados
Dithmenos
Fedhas
Gozag
Kikubaaqudgha
Makhleb
Nemelex Xobeh
Okawaru
Qazlal
Ru
Trog
Wu Jian

Shops:
D:2 =:*:


Innate Abilities, Weirdness & Mutations

You cannot be hasted, slowed, berserked, paralysed or teleported.
You can dig through walls and to a lower floor.
You have a pair of large antennae on your head. (SInv)
Your four strong arms can wield two-handed weapons with a shield.


Message History

The acid dragon bites you!
The acid dragon claws you but does no damage.
There is a stone staircase leading down, spattered with blood here.
You barely miss the acid dragon. The acid dragon bites you.
The acid dragon claws you but does no damage.
You sock the acid dragon! You freeze the acid dragon.
The acid dragon is severely wounded.
The acid dragon spits acid at you. The splash of acid hits you! You resist.
The acid corrodes you!
You hear a shout!
You closely miss the acid dragon.
The acid dragon is severely wounded.
The acid dragon bites you. The acid dragon barely misses you.
You barely miss the acid dragon.
The acid dragon is severely wounded.
The acid dragon bites you but does no damage.
The acid dragon claws you but does no damage.
You barely miss the acid dragon.
The acid dragon is severely wounded.
An orc warrior comes into view. It is wielding a +0 trident.
The acid dragon bites you! The acid dragon completely misses you.
A steam dragon comes into view.
You hit the acid dragon. You freeze the acid dragon.
The acid dragon is severely wounded.
You block the acid dragon's attack. x2
You sock the acid dragon! You freeze the acid dragon.
You kill the acid dragon!
Okawaru accepts your kill.
The orc warrior unwields a +0 trident.
The orc warrior wields a +0 arbalest.
The orc warrior shoots a bolt.
The bolt hits you! The steam dragon breathes steam at you.
The ball of steam hits you!!
* * * LOW HITPOINT WARNING * * *
The orc warrior shoots a bolt.
You block the bolt.
Found 11 gold pieces.
The orc warrior shoots a bolt.
The bolt hits you!
* * * LOW HITPOINT WARNING * * *
Are you sure you want to shaft yourself?
The boulder beetle curls into a ball and begins rolling!
The orc warrior shoots a bolt.
The bolt hits you!
You die...

.....#####. ..##.........
.............. ..............#.
##. $.............## ##..
...............# .D..
...............## #.{
#............#... #..
##..........[.#...
##§###.......#......###
##..§§.@....###.....## #
..#...#.§#.........##.#. .
..$...#.......#........... .##
...........÷.÷............ #
..####........................
###...##.............##..........
...... #............o###.........
....# ........>....B........###
...# ......#......#...##.....
B?### ......#........... ..###
....## .................. .#


You could see a boulder beetle (rolling) and an orc warrior.

Vanquished Creatures
  A troll (D:11)
  A hornet (D:5)
  Grinder (D:4)
  Sigmund (D:4)
  2 shadows (D:11)
  2 acid dragons
  Duvessa (D:5)
  A black bear (D:4)
  2 ogres (D:5)
  2 centaurs (D:4)
  A kobold brigand (D:8)
  2 bullfrogs (D:9)
  A gnoll sergeant (D:6)
  3 scorpions
  Dowan (D:5)
  A howler monkey (D:9)
  2 orc priests
  A bombardier beetle (D:5)
  A hound (D:4)
  3 jellies
  Ijyb (D:3)
  An iguana (D:4)
  Natasha (thrice) (D:3)
  4 orc wizards
  7 gnolls
  12 adders
  A shadow imp (D:5)
  7 dart slugs
  2 ribbon worms (D:3)
  19 orcs
  9 endoplasms
  2 giant cockroaches
  8 goblins
  3 hobgoblins
  4 jackals (D:1)
  3 quokkas
  2 ball pythons
  A bat (D:1)
  3 frilled lizards
  11 kobolds
  10 rats
143 creatures vanquished.

Vanquished Creatures (others)
  A gnoll (D:6)
1 creature vanquished.

Grand Total: 144 creatures vanquished

Notes
Turn   | Place    | Note
-------+----------+-------------------------------------------
     0 | D:1      | AlterAsc the Formicid Fighter began the quest for the Orb.
     0 | D:1      | Reached XP level 1. HP: 18/18 MP: 1/1
    65 | D:1      | Reached XP level 2. HP: 7/24 MP: 2/2
   254 | D:1      | Reached skill level 3 in Axes
   292 | D:1      | Found a faded altar of an unknown god.
   651 | D:1      | Reached XP level 3. HP: 29/29 MP: 3/3
  1048 | D:2      | Reached skill level 4 in Axes
  1048 | D:2      | Reached XP level 4. HP: 35/35 MP: 4/4
  1134 | D:2      | Found Oxtin's Jewellery Boutique.
  1166 | D:2      | Found Seorchij's Book Shoppe.
  1333 | D:2      | Found Pimasez's Book Shoppe.
  1559 | D:2      | Found Yssepid's Assorted Antiques.
  1736 | D:3      | Reached XP level 5. HP: 28/41 MP: 5/5
  1817 | D:3      | Noticed Ijyb
  1827 | D:3      | Killed Ijyb
  1828 | D:3      | Reached skill level 5 in Axes
  2083 | D:3      | Noticed Natasha
  2102 | D:3      | Killed Natasha
  2464 | D:3      | Reached XP level 6. HP: 38/47 MP: 6/6
  2787 | D:3      | Noticed Natasha
  2794 | D:3      | Killed Natasha
  2795 | D:3      | Reached skill level 6 in Axes
  2987 | D:3      | Identified the +5 mace "Uren" {freeze, rC+}
  3456 | D:3      | Noticed Natasha
  3462 | D:3      | Killed Natasha
  3515 | D:4      | Noticed a black bear
  3521 | D:4      | Killed a black bear
  3522 | D:4      | Reached skill level 7 in Axes
  3522 | D:4      | Reached XP level 7. HP: 52/52 MP: 7/7
  3689 | D:4      | Identified the +1 buckler "Penuifuc" {*Corrode rF+ Dex+3}
  3757 | D:4      | Noticed Grinder
  3770 | D:4      | Killed Grinder
  3771 | D:4      | Reached skill level 8 in Axes
  4018 | D:4      | Noticed Sigmund
  4026 | D:4      | Killed Sigmund
  4027 | D:4      | Reached XP level 8. HP: 48/58 MP: 8/8
  4140 | D:4      | Reached skill level 9 in Axes
  4438 | D:5      | Entered Level 5 of the Dungeon
  4626 | D:5      | Found a staircase to the Ecumenical Temple.
  4640 | D:5      | Identified the +0 flail "Zodozyuh" {flame, rElec Will+
                  | Str-5 Dex+3}
  4644 | D:5      | Found a burning altar of Makhleb.
  4652 | Temple   | Entered the Ecumenical Temple
  4673 | Temple   | Became a worshipper of Warmaster Okawaru
  4833 | D:5      | Reached skill level 10 in Axes
  4971 | D:5      | Noticed a hornet
  4991 | D:5      | Killed a hornet
  5072 | D:5      | Reached XP level 9. HP: 25/64 MP: 9/9
  5328 | D:5      | Reached skill level 11 in Axes
  5351 | D:5      | Reached * piety under Okawaru
  5379 | D:5      | Reached skill level 1 in Invocations
  5631 | D:5      | Noticed Dowan
  5632 | D:5      | Noticed Duvessa
  5637 | D:5      | Killed Duvessa
  5638 | D:5      | Killed Dowan
  5813 | D:6      | You fall into a shaft and drop 3 floors!
  6023 | D:9      | Noticed a boulder beetle
  6029 | D:9      | You fall into a shaft and drop 2 floors!
  6117 | D:11     | Identified the +2 pair of gloves of the Engineer {rPois}
  6225 | D:11     | Noticed a troll
  6244 | D:11     | Killed a troll
  6244 | D:11     | Reached ** piety under Okawaru
  6245 | D:11     | Reached skill level 12 in Axes
  6650 | D:10     | Entered Level 10 of the Dungeon
  6696 | D:8      | Reached XP level 10. HP: 70/70 MP: 12/12
  6858 | D:8      | Reached skill level 13 in Axes
  6874 | D:8      | Noticed a manticore
  6882 | D:8      | You fall into a shaft and drop 3 floors!
  7155 | D:9      | Shot with a bolt by an orc warrior

Illustrated notes

Levels and vault maps discovered:
D:1:      denvon_arrival_planthouse, layout_loops_corners,
          basic_ecumenical_altar
D:2:      layout_loops_ring, serial_shops, nicolae_lakefront_shop, shop, shop,
          nicolae_shop_just_a_little_nook
D:3:      layout_basic, columned_hall_lemuel, st_stairs_4, feat_on_display,
          uniq_ijyb, uniq_natasha
D:4:      layout_loops_ring, minmay_manual_mares, uniq_grinder, uniq_sigmund
D:5:      layout_rooms, overflow_temple_1_default,
          minmay_temple_entry_statues_pillars, corexii_item_surrounded_by_moat,
          nicolae_hexahallways, ebering_dispersal_statue_hall,
          serial_bayou_pond_d, chequers_serial_rivers_large_b, uniq_duvessa
D:6:      layout_basic, nicolae_uskayaw_suspiria
D:8:      layout_cave_pools, enter_bailey_5
D:9:      layout_cave_pools, david_lair_shrubbed, minmay_quadrilaterals,
          uniq_maggie
D:10:     layout_long_grid, dreamdust_divine_triumvirate,
          nicolae_overflow_quartered_altars, uniq_harold, uniq_urug
D:11:     layout_basic, minmay_orc_entry_temple_small
Temple:   minmay_temple_bridge_abc

Skill      XL: |  1  2  3  4  5  6  7  8  9 10 |
---------------+-------------------------------+-----
Axes           | 3 4 5 7 8 10 12 13 | 13.1
Invocations    | 3 |  3.0
Fighting       | |  3.2
Armour         | |  3.2
Shields        | |  4.0

Action                     |  1- 3 |  4- 6 |  7- 9 | 10-12 || total
---------------------------+-------+-------+-------+-------++-------
  Melee: War axe           |    74 |   122 |       |       ||   196
         Mace              |       |    16 |   200 |    37 ||   253
Ability: Shaft Self        |       |       |     2 |     2 ||     4
    Use: Potion            |       |       |     5 |       ||     5
         Scroll            |       |       |     2 |       ||     2
 Armour: Scale mail        |    50 |    22 |       |       ||    72
         Chain mail        |       |    59 |   190 |    45 ||   294
  Dodge: Dodged            |    25 |    45 |    88 |    11 ||   169
  Block: Buckler           |    12 |    33 |    58 |    10 ||   113
